 Dungeon Crawl Stone Soup version 0.17-a0-1655-g88a8506 (webtiles) character file.

364 kae the Insei (level 6, -1/47 HPs)
             Began as a Draconian Transmuter on Aug 15, 2015.
             Succumbed to a killer bee's poison
             ... on level 4 of the Dungeon.
             The game lasted 00:03:10 (3400 turns).

kae the Insei (Draconian Transmuter)                Turns: 3400, Time: 00:03:10

Health: -1/47      AC:  6    Str: 12    XL:     6   Next: 39%
Magic:  9/9        EV: 12    Int: 13    God:
Gold:   83         SH:  0    Dex: 14    Spells: 3 memorised, 3 levels left

rFire  . . .     SeeInvis .       - Unarmed
rCold  . . .     Clarity  .     (armour unavailable)
rNeg   . . .     SustAt   .     (no shield)
rPois  .         Gourm    .     (helmet restricted)
rElec  .         Spirit   .     (no cloak)
rCorr  .         Warding  .     (no gloves)
rMut   .         Stasis   .     (boots currently unavailable)
MR     .....                    (no amulet)
Stlth  +.........               (no ring)
                                (no ring)

@: lethally poisoned (-1 -> -28), appendage (expiring), not resistant to hostile
enchantments, very unstealthy
A: unfitting armour, talons 3, cold-blooded, AC +6
a: End Transformation


You were on level 4 of the Dungeon.
You were very hungry.
You had grown temporary talons.
You visited 1 branch of the dungeon, and saw 4 of its levels.

You collected 83 gold pieces.

Inventory:

Missiles
 a - 73 arrows
Jewellery
 l - a +4 ring of intelligence {unknown}
 n - an uncursed amulet of warding {unknown}
Magical devices
 v - a wand of draining (3)
Scrolls
 i - 3 scrolls of fear {unknown}
 k - a scroll of noise {unknown}
 m - 4 scrolls of identify {unknown}
 q - a scroll of amnesia {unknown}
 r - a scroll of fog {unknown}
 s - a scroll of blinking {unknown}
 w - a scroll of enchant weapon {unknown}
Potions
 d - a potion of curing {unknown}
 e - a potion of resistance
 f - a potion of invisibility {unknown}
 o - a potion of ambrosia {unknown}
 t - a potion of flight {unknown}
 u - a potion of poison {unknown}
Books
 b - a book of Changes

   Spells                             Type                      Level
   a - Beastly Appendage              Transmutation                1
   b - Sticks to Snakes               Transmutation                2
   c - Spider Form                    Transmutation/Poison         3
   d - Ice Form                       Ice/Transmutation            4
   e - Blade Hands                    Transmutation                5
Comestibles
 c - 5 bread rations
 g - 3 meat rations
 h - a beef jerky
 p - 4 fruits


   Skills:
 - Level 1.1 Fighting
 - Level 1.7 Dodging
 + Level 7.3 Unarmed Combat
 - Level 2.0 Spellcasting
 - Level 2.0 Transmutations


You had 3 spell levels left.
You knew the following spells:

 Your Spells              Type           Power        Failure   Level  Hunger
a - Beastly Appendage     Trmt           #.....       12%         1    ##.....
b - Sticks to Snakes      Trmt           #.........   17%         2    ###....
c - Spider Form           Trmt/Pois      #.........   52%         3    ####...


Dungeon Overview and Level Annotations

Branches:
Dungeon (4/15)
 Temple: D:4-7

Altars:


Innate Abilities, Weirdness & Mutations

Your plain brown scales are hard (AC +6).
Your body does not fit into most forms of armour.
You are cold-blooded and may be slowed by cold attacks.
You have claws for feet.


Message History

* * * LOW HITPOINT WARNING * * *
You feel sick. The killer bee closely misses you. The killer bee stings you.
* * * LOW HITPOINT WARNING * * *
You are more poisoned.
The killer bee poisons you!
You punch the killer bee!
You kill the killer bee!
* * * LOW HITPOINT WARNING * * *
You feel very sick.
You closely miss the giant cockroach.
Your tail-slap misses the giant cockroach.
* * * LOW HITPOINT WARNING * * *
You feel sick.
The giant cockroach bites you but does no damage.
You punch the giant cockroach!
You kill the giant cockroach!
* * * LOW HITPOINT WARNING * * *
You feel very sick.
You swing at nothing.
You die...

...... ## #.. ..# ..[...#
#.♣ #.. #.# ........ #.##..
#.#
..........#...#####.#######
..................#.......#
........###.......#####.#
#.†### #........##...#
###....####...........###
#........@<.....#....##
#..###...###..#####...####
... ###.# ##..##........##
# ### #.............#
#..#..........#
.##............##
>..#..#....#######
...#..#....# #..#
.>..#....#..####..#


There were no monsters in sight!

Vanquished Creatures
  2 killer bees
  A hound (D:4)
  A worker ant (D:4)
  Robin (D:3)
  8 gnolls
  5 adders
  An ooze (D:2)
  2 worms (D:3)
  2 giant geckos
  4 orcs (D:3)
  13 bats
  2 giant cockroaches
  8 hobgoblins
  4 kobolds
  6 giant newts
  10 goblins
  5 rats
75 creatures vanquished.

Notes
Turn   | Place    | Note
--------------------------------------------------------------
     0 | D:1      | kae the Draconian Transmuter began the quest for the Orb.
     0 | D:1      | Reached XP level 1. HP: 16/16 MP: 3/3
   267 | D:1      | Reached XP level 2. HP: 18/23 MP: 5/5
   811 | D:1      | Reached skill level 4 in Unarmed Combat
   850 | D:1      | Reached XP level 3. HP: 6/28 MP: 4/6
  1041 | D:1      | Learned a level 2 spell: Sticks to Snakes
  1045 | D:1      | Learned a level 3 spell: Spider Form
  1521 | D:2      | Reached skill level 5 in Unarmed Combat
  1521 | D:2      | Reached XP level 4. HP: 22/35 MP: 7/7
  2073 | D:2      | Reached XP level 5. HP: 10/40 MP: 8/8
  2383 | D:3      | Reached skill level 6 in Unarmed Combat
  2883 | D:3      | Noticed Robin
  2947 | D:3      | Killed Robin
  3265 | D:4      | Reached XP level 6. HP: 41/47 MP: 9/9
  3281 | D:3      | Reached skill level 7 in Unarmed Combat
  3399 | D:4      | HP: 1/47 [poisoned by a killer bee]
  3400 | D:4      | Succumbed to a killer bee's poison

Vault maps used:
D:1:      dpeg_arrival_round_c, serial_glass, glass_columns_b, glass_columns_a,
          due_unseen_surprise, minmay_strange_pillars, minmay_strange_pillars,
          hangedman_feature_mirror
D:2:      first_bread
D:3:      st_stairs_13, minmay_liquid_box, minmay_misc_feat_cross,
          kennysheep_generic_room_10, uniq_robin
D:4:      grunt_decor_one_mirror, minmay_door_square, kennysheep_windowed_goal

Action                   |  1- 3 |  4- 6 || total
-------------------------+-------+-------++-------
Melee: Unarmed           |   121 |   186 ||   307
 Cast: Beastly Appendage |     9 |    11 ||    20
       Spider Form       |       |     1 ||     1
Evoke: Wand              |       |     1 ||     1
  Use: Potion            |     2 |     2 ||     4
 Stab: Distracted        |     1 |       ||     1
       Sleeping          |       |     1 ||     1
  Eat: Chunk             |     2 |     6 ||     8
